 Dungeon Crawl Stone Soup version 0.31-a0-1005-gfbdfbacc72 (webtiles) character file.

Game seed: 17416921749806980384

1288 CoinPitGoblin the Thaumaturge (level 8, -1/42 HPs)
             Began as a Deep Elf Conjurer on Nov 11, 2023.
             Was a Follower of Sif Muna.
             Engulfed by a cloud of steam (7 damage)
             ... on level 7 of the Dungeon.
             The game lasted 00:16:07 (6659 turns).

CoinPitGoblin the Thaumaturge (Deep Elf Conjurer)   Turns: 6659, Time: 00:16:07

Health: -1/42      AC:  2    Str:  4    XL:     8   Next: 30%
Magic:  10/23      EV: 14    Int: 26    God:    Sif Muna [*.....]
Gold:   270        SH:  0    Dex: 19    Spells: 19/25 levels left

rFire   . . .        h - +2 dagger (venom)
rCold   . . .        (no shield)
rNeg    . . .        a - +0 robe
rPois   +            (no helmet)
rElec   .            (no cloak)
rCorr   .            (no gloves)
SInv    .            (no boots)
Will    .....        (no amulet)
Stlth   ++           y - +6 ring of dexterity
HPRegen 0.27/turn    B - ring of poison resistance
MPRegen 0.18/turn

%: no passive effects
@: no status effects
A: no striking features
a: Renounce Religion, Channel Magic


You were on level 7 of the Dungeon.
You worshipped Sif Muna.
Sif Muna was aware of your devotion.
You visited 2 branches of the dungeon, and saw 8 of its levels.

You collected 270 gold pieces.

Inventory:

Hand Weapons
 d - a +1 dagger
 h - a +2 dagger of venom (weapon)
 w - a +2 whip of holy wrath
Missiles
 n - a throwing net
Armour
 a - a +0 robe (worn)
 s - the +0 scale mail of the World {Str+2 Dex+4}
   (You found it on level 4 of the Dungeon)

   Str+2:     It affects your strength (+2).
   Dex+4:     It affects your dexterity (+4).
Magical Staves
 u - a staff of death
Jewellery
 j - a ring of ice
 x - a +4 ring of slaying
 y - a +6 ring of dexterity (left hand)
 B - a ring of poison resistance (right hand)
Talismans
 c - a maw talisman
 q - a flux talisman
Wands
 i - a wand of flame (25)
 C - a wand of iceblast (13)
Scrolls
 o - 2 scrolls of fear
 t - a scroll of enchant weapon
Potions
 b - a potion of magic
 e - a potion of might {unknown}
 f - a potion of mutation {unknown}
 g - a potion of ambrosia
 k - 2 potions of degeneration {unknown}
 l - a potion of haste {unknown}
 m - a potion of cancellation {unknown}
 r - 2 potions of brilliance
 z - a potion of attraction {unknown}
 A - a potion of enlightenment {unknown}


   Skills:
 + Level 0.5 Fighting
 + Level 3.6 Dodging
 - Level 2.4 Stealth
 + Level 9.2 Spellcasting
 + Level 8.6 Conjurations
 * Level 2.1 Invocations


You had 19 spell levels left.
You knew the following spells:

 Your Spells              Type           Power      Damage    Failure   Level
a - Searing Ray           Conj           100%       2d8       1%          2
b - Dazzling Flash        Conj/Hex       68%        N/A       2%          3
q - Magic Dart            Conj           100%       1d8       1%          1

Your spell library contained the following spells:

 Spells                   Type           Power      Damage    Failure   Level
 Lesser Beckoning         Tloc           24%        N/A       8%          2
 Fulminant Prism          Conj/Hex       17%        3d11      9%          4
 Iskenderun's Mystic Bla  Conj/Tloc      34%        2d8       9%          4
 Gell's Gravitas          Tloc           12%        N/A       16%         3
 Teleport Other           Tloc           12%        N/A       16%         3


Dungeon Overview and Level Annotations

Branches:
Dungeon (7/15)             Temple (1/1) D:4

Altars:
Ashenzari
Cheibriados
Dithmenos
Fedhas
Gozag
Hepliaklqana
Makhleb
Okawaru
Qazlal
Ru
Sif Muna
Trog
Uskayaw
Vehumet
Wu Jian
Xom
Yredelemnul
Zin
The Shining One

Shops:
D:1 =

Annotations:
D:4 2 runed translucent doors, Drangen's ghost, amateur SpHu
D:6 Dowan; Duvessa; Eustachio
Temple 2 transporters


Message History

Casting: Dazzling Flash (dangerous; 2% risk of failure)
Press: ? - help, Dir - look around, f - activate You are engulfed in a cloud of scalding steam.
The steam dragon bites you. The steam dragon claws you.
Unknown command.
Casting: Dazzling Flash (dangerous; 2% risk of failure)
Confirm with . or Enter, or press ? or * to list all spells.
Aiming: Searing Ray (safe; 1% risk of failure)
Press: ? - help, Shift-Dir - straight line, f - steam dragon
Aim: a steam dragon (lightly wounded, 83% to hit)
The searing ray hits the steam dragon.
The steam dragon is moderately wounded. (Press . to maintain the ray.)
The steam dragon bites you. The steam dragon claws you.
* * * LOW HITPOINT WARNING * * *
Unknown command.
The searing ray hits the steam dragon but does no damage.
The steam dragon is moderately wounded.
The steam dragon barely misses you. The steam dragon claws you.
* * * LOW HITPOINT WARNING * * *
The searing ray hits the steam dragon!
The steam dragon is heavily wounded.
The steam dragon barely misses you. The steam dragon claws you.
* * * LOW HITPOINT WARNING * * *
The searing ray hits the steam dragon.
The steam dragon is severely wounded.
You finish channelling your searing ray.
The steam dragon breathes steam at you. The ball of steam misses you.
Casting: Searing Ray (safe; 1% risk of failure)
Confirm with . or Enter, or press ? or * to list all spells.
Aiming: Searing Ray (safe; 1% risk of failure)
Press: ? - help, Shift-Dir - straight line, f/p - steam dragon
Aim: a steam dragon (severely wounded, catching its breath, 83% to hit)
The searing ray hits the steam dragon!
You kill the steam dragon!
Sif Muna accepts your kill. (Press . to maintain the ray.)
You are engulfed in a cloud of scalding steam.
You die...

...........).....#
##.##########...##
##..........#...#
##.#.######.#...##
# .#...#
#...#....# .##
.##### #.#......#
..8# ...#
#.###....# ...##
.#.#
#.....##.#.....#
..<#
#....###@†.....:
##.# ######
#........ ..#
#........ ....
#........ #.##
#......$. ..
....##### ## ###.#
.#


There were no monsters in sight!

Vanquished Creatures
  Pikel (D:7)
  A steam dragon (D:7)
  An ice beast (D:3)
  A black bear (D:4)
  A lemure (D:7)
  3 scorpions
  2 hounds
  3 orc priests
  Terence (D:3)
  An iguana (D:4)
  A sleepcap (D:5)
  2 orc wizards (D:5)
  3 gnolls (D:5)
  6 adders
  A white imp (D:5)
  2 dart slugs
  17 orcs
  6 endoplasms
  4 giant cockroaches
  7 goblins
  8 hobgoblins
  A quokka (D:2)
  9 ball pythons
  5 bats
  5 frilled lizards
  10 kobolds
  5 rats
107 creatures vanquished.

Notes
Turn   | Place    | Note
-------+----------+-------------------------------------------
     0 | D:1      | CoinPitGoblin the Deep Elf Conjurer began the quest for the
                  | Orb.
     0 | D:1      | Reached XP level 1. HP: 10/10 MP: 6/6
    66 | D:1      | Found a faded altar of an unknown god.
   289 | D:1      | Reached XP level 2. HP: 15/15 MP: 5/8
   341 | D:1      | Found Taososes's Jewellery Boutique.
   415 | D:1      | Reached skill level 5 in Conjurations
   979 | D:2      | Learned a level 2 spell: Searing Ray
  1080 | D:2      | Reached XP level 3. HP: 19/19 MP: 4/9
  1946 | D:3      | Noticed Terence
  2129 | D:3      | Found a glowing silver altar of Zin.
  2129 | D:3      | Noticed an angel
  2173 | D:3      | Noticed an ice beast
  2179 | D:3      | Killed an ice beast
  2180 | D:3      | Reached skill level 4 in Spellcasting
  2180 | D:3      | Reached XP level 4. HP: 24/24 MP: 2/12
  2180 | D:3      | Reached XP level 5. HP: 28/28 MP: 2/13
  2417 | D:3      | Killed Terence
  3692 | D:4      | Found a staircase to the Ecumenical Temple.
  3698 | D:4      | Identified the +0 scale mail of the World {Str+2 Dex+4}
  3704 | D:4      | Reached skill level 5 in Spellcasting
  3794 | Temple   | Found a transporter.
  3794 | Temple   | Found a transporter.
  3794 | Temple   | Found a transporter.
  3794 | Temple   | Found a transporter.
  3794 | Temple   | Entered the Ecumenical Temple
  3814 | Temple   | Became a worshipper of Sif Muna the Loreminder
  3839 | D:4      | Reached XP level 6. HP: 32/32 MP: 12/15
  4553 | D:4      | Reached skill level 6 in Spellcasting
  4610 | D:4      | Found a large runed translucent door.
  4611 | D:4      | Found a large runed translucent door.
  4614 | D:4      | Noticed Drangen's ghost (amateur SpHu)
  4675 | D:4      | Reached XP level 7. HP: 36/36 MP: 11/19
  4813 | D:4      | Reached skill level 7 in Spellcasting
  4886 | D:4      | Reached * piety under Sif Muna
  5116 | D:5      | Entered Level 5 of the Dungeon
  5284 | D:5      | Found a sacrificial altar of Ru.
  5285 | D:5      | Found a hide-covered altar of Uskayaw.
  5291 | D:5      | Found a blossoming altar of Fedhas.
  5375 | D:5      | Learned a level 3 spell: Dazzling Flash
  6199 | D:6      | Reached skill level 8 in Spellcasting
  6263 | D:6      | Noticed Eustachio
  6420 | D:6      | Noticed Duvessa
  6420 | D:6      | Noticed Dowan
  6560 | D:7      | Noticed Pikel
  6571 | D:7      | Killed Pikel
  6572 | D:7      | Reached skill level 9 in Spellcasting
  6572 | D:7      | Reached XP level 8. HP: 37/42 MP: 15/23
  6659 | D:7      | Engulfed by a cloud of steam

Illustrated notes

Levels and vault maps discovered:
D:1:      evilmike_arrival_hilbert_curve, layout_basic,
          shapermc_ecumenical_altar_acropolis, serial_shops, nicolae_square_shop
D:2:      layout_loops_ring, nicolae_eternal_life
D:3:      layout_basic, zin_angel, dk_vineyard_2, uniq_terence
D:4:      layout_basic, minmay_temple_entry_proselytizer,
          ebering_ghost_disaster_area
D:5:      layout_basic, gammafunk_temple_overflow_forgotten
D:6:      nicolae_cairo_tiling_very_big, layout_loops_corners,
          mainiacjoe_overflow_alcove_1, uniq_eustachio, uniq_duvessa,
          uniq_edmund
D:7:      layout_basic, serial_library, serial_library_hellmonk_long_bookcase,
          serial_library_hellmonk_layered_room,
          serial_library_hellmonk_junction, serial_library_hellmonk_statue_hall,
          serial_library_hellmonk_small_corner, serial_library_hellmonk_room_a,
          serial_library_hellmonk_small_corner, chequers_serial_rivers_micro_e,
          chequers_avenue, uniq_joseph, uniq_pikel, uniq_crazy_yiuf_cottage
Temple:   hellmonk_temple_divided_pantheon

Skill      XL: |  1  2  3  4  5  6  7 |
---------------+----------------------+-----
Conjurations   | 5 6 7 8 |  8.6
Dodging        | 3 |  3.6
Spellcasting   | 4 5 6 9 |  9.2
Invocations    | 2 |  2.1
Fighting       | |  0.5
Stealth        | |  2.4

Action                     |  1- 3 |  4- 6 |  7- 9 || total
---------------------------+-------+-------+-------++-------
  Melee: Dagger            |     1 |       |       ||     1
   Cast: Magic Dart        |    66 |    83 |    36 ||   185
         Searing Ray       |     3 |    11 |    20 ||    34
         Dazzling Flash    |       |       |     1 ||     1
  Evoke: Wand              |       |     8 |       ||     8
    Use: Scroll            |     6 |     2 |     6 ||    14
         Potion            |       |       |     2 ||     2
 Armour: Robe              |     3 |     9 |    24 ||    36
  Dodge: Dodged            |     4 |    10 |    11 ||    25

Table legend: (Time is in decaauts)
 A = Elapsed time spent in this place.
 B = Non-inter-level travel time spent in this place.
 C = Inter-level travel time spent in this place.
 D = Time resting spent in this place.
 E = Time spent auto-exploring this place.
 F = Levels seen in this place.
 G = Mean time per level.
                   A        B        C        D        E       F      G
               +--------+--------+--------+--------+--------+-----+--------+
         Total |   6660 |   5998 |    662 |    106 |   4959 |   8 |  832.5 |
       Dungeon |   6625 |   5963 |    662 |    106 |   4959 |   7 |  946.4 |
        Temple |     34 |     34 |      0 |      0 |      0 |   1 |   34.0 |
               +--------+--------+--------+--------+--------+-----+--------+

Top non-repeatable levels by time:
     D:3: 1618 daAuts
     D:4: 1406 daAuts
     D:2: 1161 daAuts
     D:5: 1031 daAuts
     D:1: 934 daAuts
     D:6: 323 daAuts
     D:7: 149 daAuts
  Temple: 34 daAuts
